[Event "Team 45 45 League T45"]
[Site "Internet Chess Club"]
[Date "2010.07.05"]
[Round "9"]
[White "SlimeDog2"]
[Black "Wheels"]
[Result "1-0"]
[WhiteElo "2189"]
[BlackElo "1919"]
[Opening "King's Indian: fianchetto, classical variation, 8.e4"]
[ECO "E68"]
[Time "21:28:20"]
[TimeControl "2700+45"]

1. d4 Nf6 2. c4 g6 3. Nf3 Bg7 4. g3 O-O 5. Bg2 d6 6. O-O Nbd7 7. Nc3 e5 8. e4 c6
9. Re1 Qb6 10. h3 Re8 11. d5 cxd5 12. cxd5 Nc5 13. Bf1 Bd7 14. Nd2 Qc7 15. a4 b6
16. Nc4 a6 17. b4 Nb7 18. Be3 Bxh3 19. Bxb6 Qc8 20. Qd3 Bxf1 21. Qxf1 Bh6 22.
Be3 Bxe3 23. Rxe3 Qd8 24. a5 Nd7 25. Na4 f5 26. Ncb6 Ra7 27. Rc1 f4 28. Rec3
Nxb6 29. axb6 Ra8 30. Rc7 Rb8 31. Qh3 h5 32. Rd7 Qg5 33. Rcc7 fxg3 34. Qxg3
{Black resigns} 1-0

[Event "Team 45 45 League T45"]
[Site "Internet Chess Club"]
[Date "2010.07.06"]
[Round "9"]
[White "Philly-Boy"]
[Black "AncientTurnip"]
[Result "1/2-1/2"]
[WhiteElo "1884"]
[BlackElo "1722"]
[Opening "French: Steinitz variation"]
[ECO "C11"]
[Time "07:03:41"]
[TimeControl "2700+45"]

1. e4 e6 2. d4 d5 3. Nc3 Nf6 4. e5 Nfd7 5. Nce2 c5 6. c3 Nc6 7. f4 Be7 8. Nf3 f6
9. exf6 Nxf6 10. g3 O-O 11. Bh3 Ne4 12. Be3 a5 13. Nd2 Nxd2 14. Qxd2 c4 15. Ng1
b5 16. Nf3 h6 17. O-O b4 18. Ne5 Nxe5 19. fxe5 bxc3 20. bxc3 Rxf1+ 21. Rxf1 Qe8
22. Bg4 Qg6 23. Bd1 a4 24. Bc2 Qg4 25. Bxh6 gxh6 26. Qxh6 Qg7 27. Qh5 Bd7 28.
Rf4 Be8 29. Qh3 Bf7 30. Rg4 Bg5 31. Bh7+ Qxh7 32. Rxg5+ Kh8 33. Qf1 Rg8 34. Qf6+
Rg7 35. Rg4 Qb1+ 36. Kg2 Qc2+ 37. Kh3 Bg6 38. Qf8+ Rg8 39. Rh4+ Bh7 40. Qf6+ Rg7
41. Qf8+ {Game drawn by mutual agreement} 1/2-1/2

[Event "Team 45 45 League T45"]
[Site "Internet Chess Club"]
[Date "2010.07.01"]
[Round "9"]
[White "MtzKid"]
[Black "Eyechess"]
[Result "0-1"]
[WhiteElo "1618"]
[BlackElo "1773"]
[Opening "French: Tarrasch"]
[ECO "C03"]
[Time "21:00:08"]
[TimeControl "2700+45"]

1. e4 e6 2. d4 d5 3. Nd2 dxe4 4. Nxe4 Be7 5. Nf3 Nf6 6. Nxf6+ Bxf6 7. c3 Nd7 8.
Bd3 c5 9. O-O cxd4 10. cxd4 O-O 11. Bf4 Nb6 12. Be5 Nd5 13. Rc1 Bd7 14. a3 Qb6
15. Qc2 h6 16. b4 Rac8 17. Qb1 Bb5 18. Bxb5 Qxb5 19. Rc5 Qa6 20. Ra5 Qb6 21. Rc1
Nc3 22. Rxc3 Rxc3 23. Qe1 Rfc8 24. Rc5 R3xc5 25. dxc5 Qd8 26. Bd6 Qd7 27. Ne5
Qa4 28. Nc4 Qc2 29. Ne5 Rd8 30. f4 Be7 31. Nc4 Qxc4 32. Bxe7 Rd3 33. Qe5 Qc1+
34. Kf2 Qc2+ {White resigns} 0-1

[Event "Team 45 45 League T45"]
[Site "Internet Chess Club"]
[Date "2010.07.05"]
[Round "9"]
[White "b-spot"]
[Black "BotanicalKnight"]
[Result "1-0"]
[WhiteElo "1750"]
[BlackElo "1572"]
[Opening "Dutch: Ilyin-Genevsky variation with b3"]
[ECO "A99"]
[Time "19:04:19"]
[TimeControl "2700+45"]

1. d4 f5 2. g3 e6 3. Bg2 Nf6 4. Nf3 Be7 5. c4 O-O 6. O-O d6 7. Nc3 Qe8 8. b3
Nbd7 9. Ba3 Qh5 10. Ne1 c6 11. Nd3 g5 12. e4 Qf7 13. exf5 exf5 14. Qc2 Nb6 15.
Rae1 Bd7 16. Qe2 Rfe8 17. Qf3 g4 18. Qf4 Nh5 19. Qh6 Bf8 20. Qg5+ Qg6 21. Qxg6+
hxg6 22. Ne2 d5 23. Bxf8 Kxf8 24. c5 Nc8 25. Ne5 Rxe5 26. dxe5 a5 27. a3 Ng7 28.
Nd4 Ne6 29. Nxe6+ Bxe6 30. f3 gxf3 31. Rxf3 Ne7 32. g4 Kg7 33. gxf5 gxf5 34. Kf2
Rh8 35. Rg3+ Kf7 36. Rh3 Rxh3 37. Bxh3 Ng6 38. Kf3 Nh4+ 39. Kf4 Ng6+ 40. Kg5 Ne7
41. Rf1 d4 42. Rf4 Ng6 43. Rxd4 Nxe5 44. Ra4 Nf3+ 45. Kf4 Nxh2 46. Bxf5 Bxb3 47.
Rxa5 Nf1 48. Ra7 Ba4 49. Rxa4 {Black resigns} 1-0

[Event "Team 45 45 League T45"]
[Site "Internet Chess Club"]
[Date "2010.07.01"]
[Round "9"]
[White "fishhead"]
[Black "chessateer"]
[Result "0-1"]
[WhiteElo "1994"]
[BlackElo "1886"]
[Opening "Ruy Lopez: open, Howell attack"]
[ECO "C81"]
[Time "14:00:13"]
[TimeControl "2700+45"]

1. e4 e5 2. Nf3 Nc6 3. Bb5 a6 4. Ba4 Nf6 5. O-O Nxe4 6. d4 b5 7. Bb3 d5 8. dxe5
Be6 9. Qe2 Nc5 10. Rd1 Nxb3 11. axb3 Bc5 12. Be3 Bxe3 13. Qxe3 Ne7 14. c4 O-O
15. Nc3 c6 16. Qc5 Qd7 17. Ne4 Qa7 18. Qxa7 Rxa7 19. Nc5 Bg4 20. Rd3 dxc4 21.
bxc4 Ng6 22. Re1 bxc4 23. Rd4 Bxf3 24. gxf3 c3 25. bxc3 a5 26. Kg2 Re8 27. f4
Nh4+ 28. Kh3 Nf3 29. Ra1 Nxd4 30. cxd4 Rd8 31. Ra4 Rb8 32. d5 cxd5 33. Rd4 Kf8
34. Kg4 Ke7 35. h4 Rc8 36. Nd3 a4 37. Nb4 a3 38. Rd2 d4 39. Kf5 Ra4 40. Nd5+ Kf8
41. Nb6 a2 42. Rxa2 Rxa2 43. Nxc8 d3 {White resigns} 0-1

[Event "Team 45 45 League T45"]
[Site "Internet Chess Club"]
[Date "2010.07.05"]
[Round "9"]
[White "ddlj81"]
[Black "CREDITorDEBIT"]
[Result "1-0"]
[WhiteElo "1833"]
[BlackElo "1818"]
[Opening "Alekhine's defense: exchange variation"]
[ECO "B03"]
[Time "22:00:48"]
[TimeControl "2700+45"]

1. e4 Nf6 2. e5 Nd5 3. d4 d6 4. c4 Nb6 5. exd6 cxd6 6. Nc3 g6 7. Be3 Bg7 8. Rc1
O-O 9. b3 e5 10. dxe5 Bxe5 11. Nf3 Bg7 12. Be2 Nc6 13. O-O Be6 14. Nb5 d5 15. c5
Nc8 16. Bf4 Qd7 17. Nc7 N8e7 18. Nxa8 Rxa8 19. Qd2 a5 20. Bb5 Qc8 21. Ba4 f6 22.
Nd4 Nxd4 23. Qxd4 Nf5 24. Qd2 g5 25. Bd6 d4 26. Bb5 Bd5 27. Rfe1 Bc6 28. Bc4+
Kh8 29. Be6 Bd7 30. Bxf5 Bxf5 31. Qxd4 Bg6 32. Re7 Qf5 33. Rce1 h5 34. Rxb7 h4
35. h3 Re8 36. Rxe8+ Bxe8 37. Qd1 Kh7 38. c6 Kg6 39. c7 Bc6 40. Rb8 Bd7 41. Rd8
Qb5 42. c8=Q Bxc8 43. Rxc8 Qd7 44. Qd3+ f5 45. Rc7 Qe6 46. Re7 Qf6 47. Qd5 Qa1+
48. Kh2 g4 49. Qf7+ Kh6 50. Bf4+ {Black resigns} 1-0

[Event "Team 45 45 League T45"]
[Site "Internet Chess Club"]
[Date "2010.07.05"]
[Round "9"]
[White "tigereye"]
[Black "BartL"]
[Result "0-1"]
[WhiteElo "1851"]
[BlackElo "1855"]
[Opening "Blumenfeld counter-gambit"]
[ECO "E10"]
[Time "13:30:07"]
[TimeControl "2700+45"]

1. d4 Nf6 2. c4 e6 3. Nf3 c5 4. d5 b5 5. dxe6 fxe6 6. cxb5 Bb7 7. g3 Qa5+ 8. Bd2
Qxb5 9. Nc3 Qb6 10. Bg2 d5 11. O-O Be7 12. Rc1 Nbd7 13. Re1 O-O 14. e4 d4 15.
Na4 Qa6 16. e5 Nd5 17. Bf1 Qc6 18. Nxd4 Qc7 19. Nxe6 Qc6 20. Nd4 Qg6 21. Qc2
cxd4 22. Qxg6 hxg6 23. Bg2 Rac8 24. e6 N7f6 25. b4 Bc6 26. Nc5 Bb5 27. Nd7 Rfd8
28. Ne5 Kh7 29. a3 Nc3 30. Nf7 Rf8 31. Ng5+ Kg8 32. h3 Ne2+ 33. Rxe2 Bxe2 34.
Bc6 Rc7 35. b5 Rfc8 36. a4 a6 37. Rb1 Bd3 38. Rb2 axb5 39. axb5 Ne8 40. Nf7 Nd6
41. Bf4 Rxc6 42. bxc6 Nxf7 43. exf7+ Kxf7 44. c7 Bf5 45. g4 Be6 46. Kf1 g5 47.
Bg3 Ke8 48. Ke2 Bc4+ 49. Kd2 Bf1 50. Rb1 Bxh3 51. Rh1 Bxg4 52. Be5 Bf6 53. Bxf6
gxf6 54. Kd3 Rxc7 55. Rh8+ Ke7 56. Kxd4 Ke6 57. Re8+ Re7 58. Rb8 Kf5 59. Rb2 Kf4
{White resigns} 0-1

[Event "Team 45 45 League T45"]
[Site "Internet Chess Club"]
[Date "2010.07.05"]
[Round "9"]
[White "parrot9"]
[Black "badmove"]
[Result "0-1"]
[WhiteElo "1641"]
[BlackElo "1799"]
[Opening "Pirc defense"]
[ECO "B07"]
[Time "16:23:54"]
[TimeControl "2700+45"]

1. e4 d6 2. d4 Nf6 3. Nc3 g6 4. f3 c6 5. Be3 b5 6. Qd2 Nbd7 7. O-O-O Qa5 8. Kb1
Ba6 9. Nd5 Qxd2 10. Nxf6+ Nxf6 11. Rxd2 Bg7 12. g4 h5 13. g5 Nd7 14. h4 O-O 15.
Ne2 b4 16. Ng3 Bxf1 17. Rxf1 Nb6 18. Rdd1 Nc4 19. Bc1 a5 20. f4 a4 21. f5 b3 22.
cxb3 axb3 23. axb3 Na5 24. f6 exf6 25. gxf6 Bh8 26. Rf3 Rfe8 27. Rg1 Kh7 28. Bg5
Reb8 29. Kc2 Nb7 30. e5 dxe5 31. dxe5 Nc5 32. Rd1 Rd8 33. Rxd8 Rxd8 34. Rc3 Rd5
35. b4 Ne6 36. Re3 Kg8 37. Ne2 Kf8 38. Ra3 Kg8 39. Ra5 Rb5 40. Rxb5 cxb5 41. Kd3
Kf8 42. Nd4 Nc7 43. Nc6 Ke8 44. Kd4 Kd7 45. Ne7 Ne6+ 46. Ke4 Nc7 47. Be3 Ne6 48.
Nd5 Kc6 49. Nc3 Nc7 50. Kf3 Kd7 51. Ne4 Ke6 52. Bd4 Nd5 53. Bc3 Nxc3 54. Ng5+
Kxe5 55. Nxf7+ Kxf6 56. Nxh8 Nd5 57. Ke4 Nxb4 58. Kd4 Kg7 59. Nxg6 Kxg6 60. Kc5
Nd3+ 61. Kxb5 Nxb2 62. Kc5 Kf5 63. Kd4 {White resigns} 0-1

[Event "Team 45 45 League T45"]
[Site "Internet Chess Club"]
[Date "2010.07.06"]
[Round "9"]
[White "Positron"]
[Black "QueensCounselor"]
[Result "0-1"]
[WhiteElo "2196"]
[BlackElo "2169"]
[Opening "Sicilian: Alapin's variation (2.c3)"]
[ECO "B22"]
[Time "16:00:07"]
[TimeControl "2700+45"]

1. e4 c5 2. c3 d5 3. Bb5+ Bd7 4. Bxd7+ Qxd7 5. d3 Nc6 6. Na3 Nf6 7. f3 e5 8. Bg5
Be7 9. Nh3 O-O 10. Nc2 Rad8 11. O-O d4 12. c4 Ne8 13. Bd2 Nd6 14. Nf2 f5 15. Qe2
Bh4 16. g3 Be7 17. a3 Rf7 18. b4 Nxc4 19. b5 Nb8 20. dxc4 d3 21. Nxd3 Qxd3 22.
Qxd3 Rxd3 23. Rad1 fxe4 24. fxe4 Nd7 25. Rfe1 Nb6 26. Ne3 Rxa3 27. Ra1 Rxa1 28.
Rxa1 Bg5 29. Rxa7 Rd7 30. Nd5 Nxd5 31. Bxg5 Nb6 32. Be3 Rc7 33. Bd2 Nxc4 34. Bc3
Re7 35. Ra8+ Kf7 36. Rd8 b6 37. Rb8 Re6 38. Rb7+ Kf6 39. g4 h6 40. h4 Na3 41. h5
Nxb5 42. Be1 c4 43. Bh4+ g5 44. Bf2 Nd4 45. Kf1 c3 46. Rh7 c2 47. Be3 b5 48. Ke1
b4 49. Kd2 b3 50. Kc1 Re8 51. Rxh6+ Kf7 52. Rb6 Ne2+ 53. Kb2 Rc8 54. Rb7+ Kg8
55. Bc1 Nxc1 56. Kxc1 Rc3 57. Rb8+ Kf7 58. Rb7+ Ke6 59. Rb6+ Kd7 60. Rb7+ Kc6
61. Rb8 Rg3 62. Kb2 Rg1 63. Rc8+ Kd7 64. h6 Rb1+ 65. Ka3 c1=Q+ {White resigns}
0-1

[Event "Team 45 45 League T45"]
[Site "Internet Chess Club"]
[Date "2010.07.02"]
[Round "9"]
[White "SaltofLife"]
[Black "Chatica"]
[Result "0-1"]
[WhiteElo "1900"]
[BlackElo "2069"]
[Opening "Budapest: Fajarowicz variation"]
[ECO "A51"]
[Time "15:17:45"]
[TimeControl "2700+45"]

1. d4 Nf6 2. c4 e5 3. dxe5 Ne4 4. a3 d6 5. Qc2 Bf5 6. Qb3 Nc6 7. Nf3 Nc5 8. Qe3
Be7 9. exd6 Qxd6 10. b4 Qf6 11. Nc3 Nd3+ 12. Kd2 Ndxb4 13. Bb2 O-O-O+ 14. Kc1
Nc2 15. Ne4 Nxe3 16. Nxf6 Rd1# {White checkmated} 0-1

[Event "Team 45 45 League T45"]
[Site "Internet Chess Club"]
[Date "2010.07.04"]
[Round "9"]
[White "Matusalen"]
[Black "fledermaus"]
[Result "1-0"]
[WhiteElo "2053"]
[BlackElo "1957"]
[Opening "Réti: King's Indian attack, Yugoslav variation"]
[ECO "A07"]
[Time "17:33:40"]
[TimeControl "2700+45"]

1. Nf3 d5 2. g3 Nf6 3. Bg2 c6 4. O-O Bg4 5. d3 Nbd7 6. h3 Bh5 7. Nbd2 e5 8. e4
dxe4 9. dxe4 Be7 10. Qe2 O-O 11. a4 Re8 12. a5 Qc7 13. g4 Bg6 14. Nh4 Nc5 15.
Nxg6 hxg6 16. Nf3 Ne6 17. c3 Red8 18. Ng5 Nxg5 19. Bxg5 Nh7 20. Be3 Bg5 21. b4
Bxe3 22. Qxe3 Nf8 23. f4 exf4 24. Qxf4 Qxf4 25. Rxf4 Nd7 26. Rd1 Ne5 27. Rff1 g5
28. Kf2 f6 29. Rd4 Kf7 30. Rfd1 Ke7 31. Bf1 c5 32. bxc5 Nc6 33. Rxd8 Rxd8 34.
Rxd8 Nxd8 35. Bc4 Nc6 36. a6 bxa6 37. Bxa6 Kd7 38. Ke3 Kc7 39. Bb5 Ne5 40. Kd4
Ng6 41. Kd5 Nf4+ 42. Kd4 Nxh3 43. e5 fxe5+ 44. Kxe5 a5 45. Kf5 Nf4 46. Kxg5 Ne6+
47. Kg6 Nxc5 48. Kxg7 Ne4 49. Bc4 Nxc3 50. g5 Ne4 51. g6 Kd6 52. Kf7 Ke5 53. g7
Nf6 54. Bb3 Kf5 55. Ba4 Ke5 56. Bd1 Kf5 57. Bc2+ Ke5 58. Ba4 Kf5 59. Bc6 Ke5 60.
Bd7 a4 61. Bxa4 Ng4 62. Kg6 Nf6 63. Bb3 Nd5 64. Bxd5 {Black resigns} 1-0

[Event "Team 45 45 League T45"]
[Site "Internet Chess Club"]
[Date "2010.07.04"]
[Round "9"]
[White "jonesey"]
[Black "Troparion"]
[Result "1-0"]
[WhiteElo "1957"]
[BlackElo "1794"]
[Opening "Scotch gambit: Benima defense"]
[ECO "C50"]
[Time "14:00:11"]
[TimeControl "2700+45"]

1. e4 e5 2. Nf3 Nc6 3. Bc4 Be7 4. d4 exd4 5. Nxd4 d6 6. Qh5 g6 7. Qd5 Nxd4 8.
Qxd4 Bf6 9. Qd5 Qe7 10. Nc3 c6 11. Qd3 d5 12. Bb3 d4 13. Ne2 Be6 14. Bf4 g5 15.
Bd2 h6 16. Bxe6 fxe6 17. O-O-O O-O-O 18. Ba5 b6 19. Qc4 bxa5 20. Qxc6+ Kb8 21.
Rd3 Rd7 22. e5 Bg7 23. Nxd4 Rb7 24. Qe4 Qf7 25. Nc6+ Ka8 26. Rd8+ Rb8 27. Rxb8#
{Black checkmated} 1-0

[Event "Team 45 45 League T45"]
[Site "Internet Chess Club"]
[Date "2010.07.05"]
[Round "9"]
[White "Ser-Enigma"]
[Black "Ptzz"]
[Result "1-0"]
[WhiteElo "2152"]
[BlackElo "2105"]
[Opening "QGD Slav defense"]
[ECO "D10"]
[Time "14:03:19"]
[TimeControl "2700+45"]

1. d4 d5 2. c4 c6 3. Nc3 Nf6 4. e3 a6 5. Nf3 b5 6. b3 Bg4 7. h3 Bxf3 8. Qxf3 e5
9. dxe5 Bb4 10. Bd2 Bxc3 11. Bxc3 Ne4 12. Bb4 c5 13. cxd5 Ng5 14. Qf4 cxb4 15.
Rd1 h6 16. h4 Nh7 17. Qxb4 Qe7 18. Qe4 Nf6 19. Qf5 Qb4+ 20. Rd2 Qg4 21. Qc2 Nh7
22. Rd4 Qd7 23. e6 Qd8 24. exf7+ Kxf7 25. Bd3 Nf6 26. Bg6+ Kg8 27. O-O Nbd7 28.
Qc6 Nf8 29. h5 N6d7 30. d6 Ne6 31. Qd5 Nf8 32. Re4 {Black resigns} 1-0

[Event "Team 45 45 League T45"]
[Site "Internet Chess Club"]
[Date "2010.07.03"]
[Round "9"]
[White "Jack-ONeill"]
[Black "mcplayerus"]
[Result "0-1"]
[WhiteElo "2040"]
[BlackElo "2219"]
[Opening "English: Anglo-Grünfeld defense"]
[ECO "A16"]
[Time "12:00:32"]
[TimeControl "2700+45"]

1. c4 Nf6 2. Nc3 d5 3. cxd5 Nxd5 4. Nf3 Nxc3 5. bxc3 g6 6. g3 Bg7 7. Bg2 O-O 8.
O-O c5 9. Qa4 Bd7 10. Qh4 Bc6 11. d4 cxd4 12. cxd4 Qd5 13. Bh6 Bf6 14. Bg5 Bxg5
15. Qxg5 Qxg5 16. Nxg5 Rd8 17. e3 Bxg2 18. Kxg2 Nc6 19. Rab1 Na5 20. Rfc1 Rac8
21. Ne4 b6 22. Nc3 Nc4 23. Na4 e5 24. dxe5 Nxe5 25. Nc3 Rd2 26. Rd1 Rcd8 27.
Rxd2 Rxd2 28. h3 Rc2 29. Rb3 Nc4 30. Kg1 h5 31. a4 Kg7 32. Nb5 Nd2 33. Rd3 Ne4
34. Nxa7 Nxf2 35. Rb3 Nxh3+ 36. Kf1 Rf2+ 37. Ke1 Ra2 38. Rxb6 Rxa4 39. Nc6 Rg4
40. Ne5 Rxg3 41. Kd2 Ng5 42. Kd3 h4 {White resigns} 0-1

[Event "Team 45 45 League T45"]
[Site "Internet Chess Club"]
[Date "2010.07.02"]
[Round "9"]
[White "AronT"]
[Black "Zumbi"]
[Result "1/2-1/2"]
[WhiteElo "2056"]
[BlackElo "2028"]
[Opening "QGD semi-Slav: Meran variation"]
[ECO "D47"]
[Time "20:51:52"]
[TimeControl "2700+45"]

1. d4 d5 2. c4 e6 3. Nc3 c6 4. e3 Nf6 5. Nf3 Nbd7 6. Bd3 dxc4 7. Bxc4 b5 8. Bd3
Bd6 9. O-O O-O 10. e4 e5 11. Bg5 b4 12. Ne2 h6 13. Bh4 Re8 14. Qc2 Qb6 15. dxe5
Bxe5 16. Nxe5 Rxe5 17. Bg3 Re8 18. Kh1 Ne5 19. f3 Nxd3 20. Qxd3 Ba6 21. Qc2 Qe3
22. Rfe1 Rad8 23. Nf4 Qb6 24. Rad1 Bb5 25. Bf2 Qc7 26. Nd3 a5 27. Nc5 Nd7 28.
Nxd7 Rxd7 29. Rxd7 Qxd7 30. Rd1 Qc7 31. Qc5 Rd8 32. Rd4 Rxd4 33. Qxd4 Qf4 34.
Be3 Qh4 35. Bf2 Qf4 36. Be3 Qh4 {Game drawn by mutual agreement} 1/2-1/2

[Event "Team 45 45 League T45"]
[Site "Internet Chess Club"]
[Date "2010.07.04"]
[Round "9"]
[White "Despair"]
[Black "smitty120"]
[Result "1-0"]
[WhiteElo "2035"]
[BlackElo "1906"]
[Opening "Nimzovich-Larsen attack: modern variation"]
[ECO "A01"]
[Time "10:05:03"]
[TimeControl "2700+45"]

1. b3 e5 2. g3 Nf6 3. Bb2 d6 4. Bg2 g6 5. d4 Qe7 6. d5 Bg7 7. e4 O-O 8. Ne2 Na6
9. Nbc3 Nh5 10. O-O f5 11. f3 Bh6 12. exf5 gxf5 13. f4 Nf6 14. fxe5 Be3+ 15. Kh1
dxe5 16. Nb5 Ng4 17. d6 cxd6 18. Qxd6 Qxd6 19. Nxd6 Nf2+ 20. Rxf2 Bxf2 21. Bd5+
Kg7 22. Bxe5+ Kh6 23. Nxc8 Raxc8 24. Bxb7 Rxc2 25. Bxa6 Re8 26. Nd4 Rc5 27. Bf4+
Kg6 28. Nf3 Ra5 29. Bc4 Bb6 30. Rd1 Rd8 31. Rxd8 Bxd8 32. Ne5+ {Black resigns}
1-0

[Event "Team 45 45 League T45"]
[Site "Internet Chess Club"]
[Date "2010.07.05"]
[Round "9"]
[White "SugarIslander"]
[Black "VietLion"]
[Result "0-1"]
[WhiteElo "1703"]
[BlackElo "1894"]
[Opening "Nimzo-Indian: Leningrad variation"]
[ECO "E30"]
[Time "16:08:18"]
[TimeControl "2700+45"]

1. d4 Nf6 2. c4 e6 3. Nc3 Bb4 4. Bg5 h6 5. Bh4 c5 6. a3 Bxc3+ 7. bxc3 Qa5 8. Qd3
Ne4 9. dxc5 Qxc3+ 10. Qxc3 Nxc3 11. f3 Na4 12. e4 Nxc5 13. Ne2 Nc6 14. Bf2 Nd3+
15. Kd2 Nxf2 16. Rg1 Ne5 17. Ke3 Nfg4+ 18. fxg4 Nxg4+ 19. Kd4 Nxh2 20. Nc3 Nxf1
21. Raxf1 a6 22. Rf3 d6 23. g4 Bd7 24. g5 h5 25. g6 f6 26. Rh1 O-O-O 27. Rf2 Be8
28. Rg2 Rh6 29. Rhg1 h4 30. Ne2 h3 31. Rf2 Bxg6 32. Nf4 e5+ 33. Kd5 exf4 34. c5
Rh5+ 35. Ke6 Re5# {White checkmated} 0-1

[Event "Team 45 45 League T45"]
[Site "Internet Chess Club"]
[Date "2010.07.04"]
[Round "9"]
[White "John3v16"]
[Black "MrKarma"]
[Result "1-0"]
[WhiteElo "1729"]
[BlackElo "1590"]
[Opening "Scandinavian: Icelandic gambit"]
[ECO "B01"]
[Time "10:00:35"]
[TimeControl "2700+45"]

1. e4 d5 2. exd5 Nf6 3. c4 e6 4. dxe6 Bxe6 5. d3 Nc6 6. Nf3 Bb4+ 7. Bd2 Bxd2+ 8.
Qxd2 Nd4 9. Nxd4 Qxd4 10. Be2 O-O 11. Nc3 Rad8 12. Qc2 Rfe8 13. O-O c6 14. Rad1
Bg4 15. Kh1 Rd7 16. f3 Bf5 17. Ne4 Rde7 18. Rfe1 Bxe4 19. dxe4 Qf2 20. Bd3 Qh4
21. Bf1 Nh5 22. Kg1 f5 23. g3 Qf6 24. Bd3 g6 25. Qd2 Qd4+ 26. Qf2 Qxf2+ 27. Kxf2
Nf6 28. exf5 Rxe1 29. Rxe1 Rd8 30. Bc2 gxf5 31. Bxf5 Rd2+ 32. Re2 Rd1 33. Bc2
Rh1 34. h4 Kf7 35. c5 Nd5 36. Bxh7 Rh2+ 37. Ke1 Rh1+ 38. Kd2 Rg1 39. g4 Nf4 40.
Re4 Rg2+ 41. Kc3 Nd5+ 42. Kb3 b5 43. cxb6 axb6 44. Rc4 c5 45. Rc2 Rg1 46. Be4
{Black resigns} 1-0

[Event "Team 45 45 League T45"]
[Site "Internet Chess Club"]
[Date "2010.07.03"]
[Round "9"]
[White "oldsj"]
[Black "Timotheous"]
[Result "1/2-1/2"]
[WhiteElo "1667"]
[BlackElo "1688"]
[Opening "Sicilian: accelerated fianchetto, modern variation with Bc4"]
[ECO "B35"]
[Time "09:00:15"]
[TimeControl "2700+45"]

1. e4 c5 2. Nf3 Nc6 3. d4 cxd4 4. Nxd4 g6 5. Nc3 Bg7 6. Be3 Nf6 7. Bc4 Qa5 8.
O-O O-O 9. h3 a6 10. a4 d6 11. Nd5 Nxd5 12. exd5 Nxd4 13. Bxd4 Bxd4 14. Qxd4 Bf5
15. Bd3 Bxd3 16. b4 Qc7 17. Qxd3 Rac8 18. Rac1 Qc4 19. Qd2 Qc3 20. Qxc3 Rxc3 21.
Rfe1 Re8 22. a5 Kf8 23. Re2 Rec8 24. Rce1 R8c7 25. Rc1 R3c4 26. Rb1 Rxc2 27. Kf1
Rc1+ 28. Rxc1 Rxc1+ 29. Re1 Rxe1+ 30. Kxe1 e6 31. Ke2 exd5 32. Kd3 Ke7 33. f4
Kd7 34. g4 f6 35. f5 g5 36. Kc3 Kc6 37. Kd4 h6 38. Kd3 Kb5 39. Kc3 d4+ 40. Kxd4
Kxb4 41. Kd5 Kxa5 42. Ke6 b5 43. Kxf6 b4 44. Kg7 b3 45. f6 b2 46. f7 b1=Q 47.
f8=Q Qb2+ 48. Kxh6 Qe5 49. Qf5 Kb6 50. Qxg5 Qxg5+ 51. Kxg5 a5 52. Kh4 a4 53. g5
a3 54. g6 a2 55. g7 a1=Q 56. g8=Q Qe1+ 57. Qg3 Qxg3+ 58. Kxg3 Kc6 59. Kf4 {Game
drawn by mutual agreement} 1/2-1/2

[Event "Team 45 45 League T45"]
[Site "Internet Chess Club"]
[Date "2010.07.06"]
[Round "9"]
[White "Skyler"]
[Black "rom1"]
[Result "1-0"]
[WhiteElo "1366"]
[BlackElo "1484"]
[Opening "Alekhine's defense"]
[ECO "B03"]
[Time "16:01:37"]
[TimeControl "2700+45"]

1. e4 Nf6 2. e5 Nd5 3. d4 d6 4. exd6 cxd6 5. c4 Nf6 6. Nf3 g6 7. Bd3 Bg7 8. Rf1
O-O 9. Nc3 Nc6 10. Be3 Re8 11. Qd2 e5 12. d5 Nb4 13. Be4 Nxe4 14. Nxe4 Bf5 15.
Qxb4 Bxe4 16. O-O-O b6 17. Rg1 Rc8 18. Nd2 Bf5 19. g4 Bd7 20. Kb1 Qf6 21. f3 a5
22. Qa3 Rb8 23. Rdf1 g5 24. Ne4 Qg6 25. Qxd6 Red8 26. Bxg5 f6 27. Bxf6 Bf8 28.
Qxe5 Re8 29. Qg5 Kf7 30. Qxg6+ Kxg6 31. Bd4 Bg7 32. Bxg7 Kxg7 33. h4 Re5 34. h5
h6 35. Nd6 Rf8 36. f4 Re2 37. Re1 Rxe1+ 38. Rxe1 Bxg4 39. Re7+ Kf6 40. Rh7 Be2
41. Rxh6+ Ke7 42. Re6+ Kd7 43. Rxe2 Kxd6 44. Rh2 b5 45. cxb5 Kxd5 46. h6 Kc5 47.
a4 Kd5 48. h7 Rh8 49. f5 Ke5 50. b6 {Black resigns} 1-0

[Event "Team 45 45 League T45"]
[Site "Internet Chess Club"]
[Date "2010.07.05"]
[Round "9"]
[White "Magagna"]
[Black "Kallistos"]
[Result "0-1"]
[WhiteElo "1863"]
[BlackElo "1707"]
[Opening "QGD"]
[ECO "D52"]
[Time "19:00:16"]
[TimeControl "2700+45"]

1. d4 d5 2. c4 e6 3. Nc3 Nf6 4. Bg5 c6 5. e3 Nbd7 6. Nf3 h6 7. Bxf6 Qxf6 8. a3
Bd6 9. c5 Bc7 10. b4 e5 11. Be2 O-O 12. Qb3 b5 13. Rf1 exd4 14. exd4 a5 15. Qb2
Re8 16. O-O-O Bf4+ 17. Kc2 axb4 18. axb4 Qg6+ 19. Bd3 Qxg2 20. Nh4 Qh3 21. Nf5
Nxc5 22. Nxh6+ Bxh6 23. dxc5 Bg4 24. Rde1 Bf5 25. Rxe8+ Rxe8 26. Rd1 d4 27. Ne4
Bxe4 28. Qxd4 Bxd3+ 29. Rxd3 Qf5 30. Kb3 Qe6+ 31. Kb2 Qe2+ 32. Kc3 Qe1+ 33. Kb3
Qb1+ 34. Kc3 Qa1+ 35. Kb3 Qa4+ 36. Kc3 Qa3+ 37. Kc2 Re2+ 38. Kd1 Qb2 39. Qxb2
Rxb2 40. Rd8+ Kh7 41. Rc8 Rxb4 42. Rxc6 Rc4 43. Rc7 Kg6 44. c6 Bf4 45. Rb7 b4
46. Ke2 Rxc6 47. Rxb4 Bxh2 48. Rg4+ Kf6 49. Kf3 g5 50. Ra4 Rc3+ 51. Kg4 Bf4 52.
Ra6+ Kg7 53. Ra2 Kg6 54. Ra6+ f6 55. f3 Be5 56. Rb6 Rc4+ 57. Kh3 Kf5 58. Rb3 Rc2
59. f4 g4+ 60. Kh4 Rh2+ {White resigns} 0-1

[Event "Team 45 45 League T45"]
[Site "Internet Chess Club"]
[Date "2010.07.06"]
[Round "9"]
[White "ScotchYeti"]
[Black "ILRE"]
[Result "1/2-1/2"]
[WhiteElo "1607"]
[BlackElo "1574"]
[Opening "Pirc: classical (two knights) system"]
[ECO "B08"]
[Time "14:32:31"]
[TimeControl "2700+45"]

1. e4 d6 2. d4 Nf6 3. Nc3 g6 4. Nf3 Bg7 5. Be3 c6 6. Qd2 b5 7. Bd3 Nbd7 8. h3
Bb7 9. O-O O-O 10. Rfe1 e5 11. a4 b4 12. Ne2 exd4 13. Nexd4 c5 14. Nb5 Bxe4 15.
Ng5 Bxd3 16. Qxd3 h6 17. Nf3 d5 18. c3 a6 19. Nd6 bxc3 20. bxc3 Ne5 21. Nxe5
Qxd6 22. Nf3 Ne4 23. Rac1 c4 24. Qc2 Rab8 25. Nd4 Rfe8 26. Rb1 Nc5 27. Qd2 Rxb1
28. Rxb1 Nd3 29. Nf3 Rb8 30. Rxb8+ Qxb8 31. Bxh6 Qb1+ 32. Kh2 Bxh6 33. Qxh6 Nxf2
34. Qh4 Qh1+ 35. Kg3 Ne4+ 36. Kf4 Qc1+ 37. Ke5 Qxc3+ 38. Nd4 Qa5 39. Qe7 c3 40.
Qe8+ Kg7 41. Qc6 Qc5 42. Qxd5 Qe7+ 43. Kf4 Nd2 44. Qe5+ Qxe5+ 45. Kxe5 Kf8 46.
Nc2 Ke7 47. Kd4 Kd6 48. Kxc3 Ne4+ 49. Kd4 Nc5 50. Nb4 a5 51. Nd3 Nxd3 52. Kxd3
Kd5 53. h4 {Game drawn by mutual agreement} 1/2-1/2

[Event "Team 45 45 League T45"]
[Site "Internet Chess Club"]
[Date "2010.07.05"]
[Round "9"]
[White "blizzard13"]
[Black "werty"]
[Result "1/2-1/2"]
[WhiteElo "1416"]
[BlackElo "1527"]
[Opening "French: exchange variation"]
[ECO "C01"]
[Time "14:00:20"]
[TimeControl "2700+45"]

1. e4 e6 2. d4 d5 3. exd5 exd5 4. Nf3 Bd6 5. Nc3 c6 6. Bd3 Nf6 7. Bg5 O-O 8. O-O
Bg4 9. h3 Bh5 10. g4 Bg6 11. Bxg6 hxg6 12. Ne5 Re8 13. f4 Nbd7 14. Re1 Qc7 15.
Qf3 Re7 16. Re2 Rae8 17. Rae1 b5 18. a4 a6 19. axb5 axb5 20. Ra1 Qb7 21. Qd3 Ra8
22. Rxa8+ Qxa8 23. Re1 Bb4 24. Rb1 Bxc3 25. bxc3 Re8 26. Nxd7 Nxd7 27. f5 gxf5
28. Qxf5 Qc8 29. Rf1 Nf6 30. Qxc8 Rxc8 31. Bxf6 gxf6 32. Rxf6 Kg7 33. g5 c5 34.
Rd6 cxd4 35. Rxd5 Rxc3 36. Rxd4 Rxc2 37. Rb4 Rc5 38. h4 f6 39. Kf2 fxg5 40. hxg5
Kg6 41. Ke3 Kxg5 42. Kd4 Rf5 43. Rb3 Kf4 44. Rb4 Kg3 45. Rb3+ Kg4 46. Rb4 Kf3
47. Rb3+ Kf4 48. Rb4 Kg5 49. Rb3 Rf4+ 50. Kc3 Kf5 51. Rxb5+ Kg4 52. Rb4 Rxb4 53.
Kxb4 {Game drawn because neither player has mating material} 1/2-1/2